 Dungeon Crawl Stone Soup version 0.27-a0-808-g60bc5d92e6 (webtiles) character file.

Game seed: 10998799291993713236

28290 12572944 the Severer (level 13, -2/177 (178) HPs)
             Began as a Minotaur Berserker on Mar 28, 2021.
             Was a High Priest of Trog.
             Slain by a basilisk (8 damage)
             ... on level 6 of the Lair of Beasts.
             The game lasted 00:32:25 (17490 turns).

12572944 the Severer (Minotaur Berserker)          Turns: 17490, Time: 00:32:26

HP:   -2/177 (178)  AC: 19    Str: 24    XL:     13   Next: 9%
MP:   12/12         EV: 11    Int:  4    God:    Trog [*****.]
Gold: 791           SH:  0    Dex: 13    Spells: 12/12 levels left

rFire    + . .     SeeInvis .   b - +4 battleaxe (vorpal)
rCold    . . .     Faith    .   (shield currently unavailable)
rNeg     . . .     Spirit   .   N - +1 plate armour {rF+}
rPois    +         Reflect  .   (helmet restricted)
rElec    .         Harm     .   (no cloak)
rCorr    .         Rampage  .   (no gloves)
Will     +....                  g - +1 pair of boots
Stlth    ..........             (no amulet)
HPRegen  0.39/turn              o - ring of willpower
MPRegen  0.13/turn              Q - ring of poison resistance

@: berserking (expiring), lightly drained, very quick
A: horns 2, retaliatory headbutt
a: Renounce Religion, Berserk, Trog's Hand, Brothers in Arms


You were on level 6 of the Lair of Beasts.
You worshipped Trog.
Trog was extremely pleased with you.
You visited 2 branches of the dungeon, and saw 15 of its levels.

You collected 791 gold pieces.

Inventory:

Hand Weapons
 a - a +3 antimagic battleaxe
 b - a +4 vorpal battleaxe (weapon)
 c - a +0 hunting sling
 r - a +0 whip
 t - a +1 hand axe of venom
 w - a +1 spear of flaming
 H - a +4 morningstar
 K - a +0 hand axe
 M - a +0 mace of draining
 O - a +2 vorpal executioner's axe
 P - a +2 hunting sling of flaming
Missiles
 e - 406 stones (quivered)
 n - a curare-tipped dart
 y - 92 sling bullets
 G - 30 poisoned darts
Armour
 g - a +1 pair of boots (worn)
 s - a +1 plate armour
 N - a +1 plate armour of fire resistance (worn)
Jewellery
 k - an amulet of magic regeneration
 m - a ring of resist corrosion
 o - a ring of willpower (left hand)
 L - a ring of fire
 Q - a ring of poison resistance (right hand)
Wands
 p - a wand of random effects (20)
 v - a wand of mindburst (9)
 x - a wand of digging (6)
 B - a wand of charming (8)
 C - a wand of iceblast (17)
 U - a wand of flame (24)
Scrolls
 f - 9 scrolls of identify {@r1}
 i - 3 scrolls of vulnerability
 u - a scroll of holy word
 A - 6 scrolls of fear
 I - a scroll of enchant armour
 J - 3 scrolls of teleportation {@r4}
 R - a scroll of fog
 S - a scroll of enchant weapon {unknown}
Potions
 d - a potion of might
 h - 9 potions of curing {@q1}
 j - 4 potions of lignification
 q - a potion of attraction
 E - 2 potions of mutation
 F - a potion of cancellation
 T - a potion of resistance {unknown}
 V - a potion of haste {@q3}
 W - 2 potions of invisibility


   Skills:
 + Level 12.4 Fighting
 * Level 16.2 Axes
 + Level 12.0 Armour
 + Level 11.1 Dodging


You had 12 spell levels left.
You didn't know any spells.
Your spell library was empty.

Dungeon Overview and Level Annotations

Branches:
Dungeon (11/15)            Temple (0/1) D:5            Lair (3/6) D:9
  Swamp (0/4) Lair:3        Snake (0/4) Lair:2          Orc (0/2) D:10

Altars:
Ashenzari
Elyvilon
Fedhas
Kikubaaqudgha
Makhleb
Nemelex Xobeh
Qazlal
Sif Muna
Trog
Uskayaw
Vehumet
Wu Jian
Xom
Yredelemnul
Zin

Annotations:
D:7 1 runed translucent door, Crazy Yiuf


Innate Abilities, Weirdness & Mutations

You have a pair of horns on your head.
You reflexively headbutt those who attack you in melee.


Message History

The blast of calcifying dust hits the elephant but does no damage.
The blast of calcifying dust hits you but does no damage.
You are engulfed in calcifying dust.
The elephant is engulfed in calcifying dust.
The elephant is moving more slowly.
The elephant tramples you but does no damage.
The elephant trunk-slaps you.
* * * LOW HITPOINT WARNING * * *
The basilisk barely misses you.
The catoblepas gores the bush but does no damage.
You are engulfed in calcifying dust.
The elephant is no longer petrified.
The elephant tramples you but does no damage.
The elephant trunk-slaps you but does no damage.
The elephant is engulfed in calcifying dust.
The elephant stops moving altogether!
The basilisk bites you but does no damage.
The catoblepas gores the bush!
The elephant tramples the bush but does no damage.
The elephant completely misses the bush.
You are engulfed in calcifying dust.
The bush is no longer petrified.
The elephant tramples you but does no damage.
The elephant trunk-slaps you but does no damage.
The elephant is engulfed in calcifying dust.
The basilisk gazes at you. You resist with almost no effort.
The catoblepas gores the bush!!
The elephant tramples the bush!!
The elephant trunk-slaps the bush.
You turn to flesh and can move again.
Unknown command.
Unknown command.
Unknown command.
You miss the basilisk. Your headbutt misses the basilisk.
The basilisk is severely wounded.
You slash the elephant! You hit the bush.
The helpless elephant fails to defend itself.
You slice the elephant like a ripe choko!!!
You are engulfed in calcifying dust.
The elephant closely misses you.
The elephant trunk-slaps you but does no damage.
The elephant is engulfed in calcifying dust.
The basilisk bites you!
You die...

* **,,,*** #..........<,,,,** *
***,,,* #..........,,,,,,* *
**,8,** #....:....,,,,,,,,
***,,,*+*** #.......#*,*,,,,,,
*,,,,***,,** #.......####**,,,,
**,,***,,,,** #.....##...#*,*,,,
**,,** *,,,,,* #YY.........,,,**,
*,,,* **,,,,* #Ylr.......,,,,,**
*,,*******,,** #@YY.......,,,,***
**,,,,,*****#####PY..#...#*,,,,**
**,,,*,****#P.###..P#.###,,,,,,*
*,,,,,*,,,##...#P...P.#.#*,,,,,,
*,,,,,,,,.#.....P...PP...#*,,,,,
***,,,,**......P..........,,,,,,
*,,*,,,**.......rY§.....♣♣,,,,,,
*****,,,,,........P....♣♣♣***,,,,
,,,,,,,,*,...P...P.#.#..♣♣,,,,,,,


You could see a catoblepas, 5 elephants, a basilisk and a hell rat.

Vanquished Creatures
  Harold (D:8)
  A centaur warrior (D:10)
  2 hydras
  2 boulder beetles
  A two-headed ogre (D:10)
  A bog body (Lair:3)
  2 orc knights
  Pikel (D:8)
  A cyclops (D:10)
  4 manticores
  2 black mambas
  A gargoyle (D:10)
  A rime drake (Lair:2)
  2 komodo dragons
  2 unseen horrors
  The ghost of Lobster4 the Archer, a novice DEHu (D:5)
  A tengu conjurer (D:11)
  A troll (D:10)
  A polar bear (Lair:2)
  Grinder (D:3)
  2 hornets
  5 blink frogs (Lair:3)
  A slime creature (D:10)
  A shadow (D:10)
  Sigmund (D:3)
  2 basilisks
  2 hogs (D:8)
  3 wyverns
  34 yaks
  A human (D:8)
  Eustachio (D:4)
  Grum (D:9)
  A steam dragon (D:8)
  2 nagas (Lair:2)
  A two-headed ogre zombie (D:10)
  11 water moccasins
  An ice beast (D:6)
  3 orc warriors
  4 black bears
  4 necrophages
  3 ogres
  A hornet zombie (D:4)
  16 wolves
  A centaur (D:5)
  A lemure (D:8)
  3 phantoms
  4 kobold brigands
  An elf zombie (D:7)
  14 bullfrogs
  2 elf skeletons (D:7)
  A wyvern skeleton (D:7)
  2 scorpions
  4 killer bees (D:10)
  3 wights (D:10)
  A howler monkey (D:8)
  2 jellies
  6 centaur zombies
  4 lava snakes (D:11)
  2 bullfrog skeletons
  3 orc priests
  2 hounds
  A human skeleton (D:7)
  2 centaur skeletons
  A gnoll shaman (D:4)
  A human zombie (D:7)
  4 iguanas
  Jessica (D:3)
  3 hell rats (Lair:6)
  2 orc wizards (D:5)
  7 ogre zombies (D:10)
  A hound skeleton (D:4)
  Robin (D:4)
  9 gnolls
  A howler monkey skeleton (D:6)
  5 adders
  A white imp (D:7)
  An ufetubus (D:6)
  An adder skeleton (D:4)
  A worm (D:5)
  2 dart slugs
  14 orcs
  9 endoplasms
  2 giant cockroaches (D:1)
  11 goblins
  10 hobgoblins
  2 quokkas
  9 ball pythons
  5 bats (D:1)
  5 frilled lizards
  2 goblin skeletons (D:10)
  3 goblin zombies (D:10)
  4 hobgoblin zombies (D:10)
  23 kobolds
  3 orc skeletons (D:10)
  14 orc zombies
  6 rats
353 creatures vanquished.

Vanquished Creatures (collateral kills)
  An elephant (Lair:6)
1 creature vanquished.

Vanquished Creatures (others)
  4 fungi
  30 plants
  A withered plant (D:8)
35 creatures vanquished.

Grand Total: 389 creatures vanquished

Notes
Turn   | Place    | Note
-------+----------+-------------------------------------------
     0 | D:1      | 12572944 the Minotaur Berserker began the quest for the
                  | Orb.
     0 | D:1      | Reached XP level 1. HP: 19/19 MP: 0/0
   230 | D:1      | Reached XP level 2. HP: 27/27 MP: 1/1
   394 | D:1      | Reached skill level 4 in Axes
   712 | D:1      | Reached XP level 3. HP: 32/33 MP: 2/2
   720 | D:1      | Found a sparkling altar of Nemelex Xobeh.
   728 | D:1      | Reached ** piety under Trog
  1097 | D:2      | Found a hide-covered altar of Uskayaw.
  1332 | D:2      | Noticed a bullfrog
  1335 | D:2      | Killed a bullfrog
  1336 | D:2      | Reached XP level 4. HP: 34/41 MP: 3/3
  1640 | D:3      | Noticed Grinder
  1643 | D:3      | Paralysed by Grinder for 5 turns
  1654 | D:3      | Killed Grinder
  1655 | D:3      | Reached skill level 5 in Axes
  1655 | D:3      | Reached XP level 5. HP: 30/47 MP: 4/4
  1655 | D:3      | Reached XP level 6. HP: 35/55 MP: 5/5
  1931 | D:3      | Noticed Sigmund
  1945 | D:3      | Killed Sigmund
  1946 | D:3      | Reached skill level 5 in Fighting
  1946 | D:3      | Reached skill level 6 in Axes
  2192 | D:3      | Noticed Jessica
  2199 | D:3      | Killed Jessica
  2308 | D:3      | Found a shimmering altar of Xom.
  2540 | D:3      | Reached XP level 7. HP: 61/61 MP: 6/6
  2568 | D:3      | Found a bloodstained altar of Trog.
  2850 | D:4      | Noticed Robin
  2872 | D:4      | Killed Robin
  3085 | D:4      | Reached skill level 7 in Axes
  3159 | D:4      | Reached skill level 5 in Armour
  3488 | D:4      | Noticed Eustachio
  3498 | D:4      | Killed Eustachio
  3499 | D:4      | Reached skill level 5 in Dodging
  3499 | D:4      | Reached XP level 8. HP: 70/70 MP: 7/7
  3768 | D:5      | Entered Level 5 of the Dungeon
  3802 | D:4      | Reached skill level 8 in Axes
  3881 | D:5      | Reached *** piety under Trog
  4333 | D:5      | Found a staircase to the Ecumenical Temple.
  4588 | D:5      | Reached skill level 9 in Axes
  4613 | D:5      | Found an ornate altar of the Wu Jian Council.
  4616 | D:5      | Found a large runed translucent door.
  4616 | D:5      | Found a large runed translucent door.
  4621 | D:5      | Noticed Lobster4's ghost (novice DEHu)
  4909 | D:5      | Found a stormy altar of Qazlal.
  4995 | D:5      | Killed Lobster4's ghost
  4996 | D:5      | Reached XP level 9. HP: 79/79 MP: 8/8
  5058 | D:6      | Found a broken altar of Ashenzari.
  5481 | D:6      | Found a radiant altar of Vehumet.
  5857 | D:6      | Found a shimmering blue altar of Sif Muna.
  5861 | D:6      | Reached skill level 10 in Axes
  6287 | D:6      | Reached **** piety under Trog
  6445 | D:6      | Found a glowing silver altar of Zin.
  6846 | D:7      | Found a white marble altar of Elyvilon.
  7030 | D:7      | You fall into a shaft and drop 2 floors!
  7039 | D:8      | Noticed an eight-headed hydra
  7051 | D:8      | Killed an eight-headed hydra
  7052 | D:8      | Reached skill level 11 in Axes
  7281 | D:8      | Reached XP level 10. HP: 90/90 MP: 9/9
  7314 | D:8      | Noticed Harold
  7342 | D:8      | Killed Harold
  7350 | D:7      | Found an ancient bone altar of Kikubaaqudgha.
  7752 | D:7      | Found a basalt altar of Yredelemnul.
  7882 | D:7      | Found a runed translucent door.
  7883 | D:7      | Noticed Crazy Yiuf
  8255 | D:8      | Found an ancient bone altar of Kikubaaqudgha.
  8258 | D:8      | Found a blossoming altar of Fedhas.
  8266 | D:8      | Found a burning altar of Makhleb.
  8338 | D:8      | Noticed Pikel
  8350 | D:8      | Killed Pikel
  8351 | D:8      | Reached skill level 12 in Axes
  8649 | D:9      | Reached ***** piety under Trog
  9135 | D:9      | Noticed Grum
  9158 | D:9      | Killed Grum
  9310 | D:9      | Reached XP level 11. HP: 99/99 MP: 10/10
  9479 | D:9      | Reached skill level 13 in Axes
  9706 | D:9      | Found a staircase to the Lair.
  9726 | D:9      | Reached skill level 10 in Fighting
  9927 | Lair:1   | Entered Level 1 of the Lair of Beasts
  9961 | D:10     | Entered Level 10 of the Dungeon
 10716 | D:10     | Reached skill level 10 in Armour
 11065 | D:10     | Noticed an orc knight
 11110 | D:9      | Killed an orc knight
 11175 | D:10     | Noticed a centaur warrior
 11466 | D:10     | Killed a centaur warrior
 11576 | D:10     | Reached skill level 14 in Axes
 11625 | D:10     | Identified the +1 battleaxe of Dytti {vorpal, Dex+2}
 11625 | D:10     | Noticed an orc knight
 11634 | D:10     | Killed an orc knight
 12047 | D:10     | Noticed a boulder beetle
 12056 | D:10     | Killed a boulder beetle
 12387 | D:10     | Found a staircase to the Orcish Mines.
 12397 | D:10     | Received a gift from Trog
 12407 | D:10     | Reached XP level 12. HP: 90/110 MP: 3/11
 12902 | D:10     | Noticed a two-headed ogre
 12906 | D:10     | Killed a two-headed ogre
 12907 | D:10     | Reached skill level 10 in Dodging
 13680 | D:11     | Noticed a tengu warrior
 13735 | D:11     | Noticed a boulder beetle
 13783 | D:11     | Killed a boulder beetle
 14582 | Lair:1   | Reached skill level 15 in Axes
 14924 | Lair:1   | Noticed a six-headed hydra
 14940 | Lair:1   | Killed a six-headed hydra
 15906 | Lair:2   | Found a staircase to the Snake Pit.
 16293 | Lair:2   | Received a gift from Trog
 17184 | Lair:3   | Reached skill level 16 in Axes
 17305 | Lair:3   | Found a staircase to the Swamp.
 17414 | Lair:3   | You fall into a shaft and drop 3 floors!
 17414 | Lair:6   | Entered Level 6 of the Lair of Beasts
 17425 | Lair:6   | Reached XP level 13. HP: 93/118 MP: 12/12
 17484 | Lair:6   | HP: 8/177 [basilisk (5)]
 17490 | Lair:6   | Slain by a basilisk

Illustrated notes

Levels and vault maps discovered:
D:1:      onia_arrival_pentagram, layout_loops_ring,
          nemelex_xobeh_ov_fountains_minmay
D:2:      layout_rooms, lemuel_round_altar, minmay_cupped
D:3:      layout_loops_ring, lightli_temple_of_fire, xom_teletrap_fun,
          uniq_sigmund, uniq_grinder, uniq_jessica
D:4:      layout_basic, uniq_eustachio, uniq_robin
D:5:      layout_rooms, nicolae_qazlal_eye_of_the_storm, kennysheep_little_box,
          minmay_temple_entry_ruins, ebering_ghost_disaster_area
D:6:      layout_loops_corners, lemuel_round_altar, kennysheep_mini_moat,
          marbit_many_paths, overflow_temple_1_default, minmay_quadrilaterals
D:7:      layout_rooms, kennysheep_ying_yang, nicolae_ossuary_entry_catacombs,
          basic_altar, uniq_crazy_yiuf_cottage
D:8:      layout_cave_pools, grunt_temple_overflow_growth_and_decay,
          serial_glass, glass_columns_a, glass_columns_c,
          minmay_misc_feat_hallway, kennysheep_pointless_box,
          hangedman_decor_slide_cut, grunt_livestock,
          hangedman_abyss_or_decor_passed, bloody_makhleb, uniq_harold,
          uniq_pikel
D:9:      layout_irregular_city, grunt_lair_entry_orc_guard_hut,
          serial_co_window_serial, co_window_paths_b, co_window_corner_a,
          co_window_corner_a, co_window_of_opportunity_a, co_window_corner_a,
          co_window_corner_a, co_window_paths_b, co_window_corner_b,
          co_window_corner_b, co_window_2corner, glass_columns_c,
          glass_columns_a, glass_columns_b, glass_columns_c, glass_columns_a,
          uniq_grum
D:10:     minmay_the_grid_triangle_9x9_rhombus_thin
          [minmay_the_grid_triangle_9x9_steps,
          minmay_the_grid_triangle_9x9_prize_insulated,
          minmay_the_grid_triangle_9x9_longest,
          minmay_the_grid_triangle_9x9_corrupted_corridor], layout_layer_cave,
          zombieorc2_lemuel
D:11:     layout_cave_pods, enter_bailey_2, kennysheep_boxes
Lair:1:   layout_loops_ring, beast_lair_carwin_11
Lair:2:   layout_hall_layers, guppyfry_snake_entry_island, lemuel_fruit_fields
Lair:3:   layout_regular_city, skrybe_swamp_entry_bodies, minivault_25
Lair:6:   wormcave, layout_concentric_octagons, hangedman_lair_tendril_chambers,
          st_stairs_13, nicolae_lair_yak_garden

Skill      XL: |  1  2  3  4  5  6  7  8  9 10 11 12 13 |
---------------+----------------------------------------+-----
Axes           | 4 5 6 7 9 11 12 14 16 | 16.2
Fighting       | 4 5 6 7 8 9 11 12 | 12.4
Armour         | 3 4 5 6 8 9 10 11 12 | 12.0
Dodging        | 3 4 5 6 7 8 9 11 | 11.1

Action                   |  1- 3 |  4- 6 |  7- 9 | 10-12 | 13-15 || total
-------------------------+-------+-------+-------+-------+-------++-------
Melee: Hand axe          |    58 |    38 |   272 |   323 |       ||   691
       Headbutt          |     4 |    11 |    58 |   149 |     3 ||   225
       Mace              |       |       |     9 |       |       ||     9
       Battleaxe         |       |       |       |   285 |    17 ||   302
       Morningstar       |       |       |       |    14 |       ||    14
 Fire: Hunting sling     |       |       |     4 |       |       ||     4
Invok: Berserk           |       |     2 |    10 |    25 |     2 ||    39
       Brothers in Arms  |       |       |       |       |     1 ||     1
  Use: Potion            |       |     1 |       |     3 |     1 ||     5
       Scroll            |       |       |    14 |     7 |     1 ||    22
 Stab: Sleeping          |     2 |       |       |       |       ||     2
       Invisible         |       |       |       |     2 |       ||     2
       Petrified         |       |       |       |       |     2 ||     2
Armor: Animal skin       |     8 |       |       |       |       ||     8
       Ring mail         |       |     7 |       |       |       ||     7
       Plate armour      |       |       |   146 |   378 |    45 ||   569
Dodge: Dodged            |    35 |    11 |   107 |   305 |    18 ||   476

Table legend: (Time is in decaauts)
 A = Elapsed time spent in this place.
 B = Non-inter-level travel time spent in this place.
 C = Inter-level travel time spent in this place.
 D = Time resting spent in this place.
 E = Time spent auto-exploring this place.
 F = Levels seen in this place.
 G = Mean time per level.
                   A        B        C        D        E       F      G
               +--------+--------+--------+--------+--------+-----+--------+
         Total |  17678 |  17200 |    478 |   5092 |   9951 |  15 | 1178.5 |
       Dungeon |  14516 |  14118 |    398 |   4531 |   7748 |  11 | 1319.6 |
          Lair |   3161 |   3082 |     79 |    561 |   2203 |   4 |  790.2 |
               +--------+--------+--------+--------+--------+-----+--------+

Top non-repeatable levels by time:
    D:10: 2969 daAuts
     D:9: 1766 daAuts
     D:5: 1596 daAuts
  Lair:2: 1457 daAuts
     D:6: 1428 daAuts
  Lair:1: 1195 daAuts
     D:4: 1101 daAuts
    D:11: 1076 daAuts
     D:8: 971 daAuts
     D:2: 952 daAuts
     D:3: 939 daAuts
     D:1: 862 daAuts
     D:7: 853 daAuts
  Lair:3: 424 daAuts
  Lair:6: 84 daAuts
